 Dungeon Crawl Stone Soup version 0.24-a0-584-g9d6b971ae4 (webtiles) character file.

Game seed: 5589850893586580637, levelgen mode: deterministic

1442 Eightlegvermin the Changer (level 8, -1/48 HPs)
             Began as an Octopode Transmuter on Sept 1, 2019.
             Was an Initiate of Gozag.
             Slain by an orc warrior
             ... wielding a +0 hand axe
              (12 damage)
             ... on level 5 of the Dungeon.
             The game lasted 00:29:24 (5441 turns).

Eightlegvermin the Changer (Octopode Transmuter)    Turns: 5441, Time: 00:29:25

Health: -1/48      AC:  4    Str:  9    XL:     8   Next: 74%
Magic:  10/11      EV: 21    Int: 15    God:    Gozag
Gold:   394        SH:  0    Dex: 20    Spells: 1/11 levels left

rFire    + . .     SeeInvis .     - Unarmed
rCold    x . .     Gourm    .   (shield currently unavailable)
rNeg     . . .     Faith    .   (helmet currently unavailable)
rPois    x         Spirit   .   (no amulet)
rElec    .         Reflect  .   g - +2 ring of protection
rCorr    .         Harm     .   t - ring of fire
MR       .....                  (no ring)
Stlth    +++.......             (no ring)
HPRegen  0.16/turn              (no ring)
MPRegen  0.12/turn              (no ring)
                                (no ring)
                                (no ring)

@: spider-form (expiring), starving
A: tiny, almost no armour, stealthy swim, (amphibious), 8 rings, (constrict 8)
a: End Transformation, Potion Petition, Call Merchant, Bribe Branch, Renounce
Religion


You were on level 5 of the Dungeon.
You worshipped Gozag.
Gozag was aware of your devotion.
You were starving.
You were a venomous arachnid creature.
You visited 2 branches of the dungeon, and saw 7 of its levels.

You collected 701 gold pieces.
You spent 210 gold pieces at shops.
You paid 97 gold pieces to Gozag.

Inventory:

Missiles
 a - 85 arrows
 b - 40 poisoned darts (quivered)
Jewellery
 g - a +2 ring of protection (left front leg)
 t - a ring of fire (right front leg)
Wands
 o - a wand of random effects (13)
Scrolls
 h - a scroll of enchant armour
 k - 2 scrolls of teleportation
 l - 3 scrolls of enchant weapon
 m - a scroll of immolation {unknown}
 n - 3 scrolls of remove curse {unknown}
 w - a scroll of fear {unknown}
Potions
 d - a potion of magic {unknown}
 e - a potion of cancellation {unknown}
 f - a potion of resistance {unknown}
 i - 2 potions of mutation {unknown}
 j - 2 potions of agility {unknown}
 p - a potion of brilliance {unknown}
 q - 2 potions of heal wounds
 r - a potion of flight {unknown}
 s - a potion of lignification {unknown}
 u - 5 potions of curing {unknown}
 v - a potion of might {unknown}
Comestibles
 c - 7 rations


   Skills:
 - Level 1.0 Fighting
 + Level 2.7 Dodging
 - Level 3.1 Stealth
 + Level 6.6 Unarmed Combat
 - Level 2.0 Spellcasting
 * Level 7.8 Transmutations
 + Level 1.6 Ice Magic
 - Level 2.0 Poison Magic


You had one spell level left.
You knew the following spells:

 Your Spells              Type           Power        Failure   Level  Hunger
a - Beastly Appendage     Tmut           ####..       4%          1    #......
b - Sticks to Snakes      Tmut           ####....     6%          2    ###....
c - Spider Form           Tmut/Pois      ###.......   22%         3    ###....
d - Ice Form              Ice/Tmut       ###.....     52%         4    #####..

Your spell library contained the following spells:

 Spells                   Type           Power        Failure   Level  Hunger
 Blade Hands              Tmut           ####......   45%         5    ######.


Dungeon Overview and Level Annotations

Branches:
Dungeon (6/15)             Temple (1/1) D:4

Altars:
Fedhas
Gozag
Hepliaklqana
Qazlal
Sif Muna
Xom
Yredelemnul
Zin

Shops:
D:5 =**

Annotations:
D:3 3 runed translucent doors, exclusion: downstairs, Sassenached's ghost, weakling DsWn
D:4 exclusion: downstairs
D:6 3 runed translucent doors, losten's ghost, novice MiFi


Innate Abilities, Weirdness & Mutations

You cannot wear most types of armour.
You are very stealthy in the water. (Stealth+)
((You are amphibious.))
You can wear up to eight rings at the same time.
((You can use your tentacles to constrict eight enemies at once.))
((Your skin changes colour to match your surroundings (Stealth+).))
((Your rubbery body absorbs attacks. (AC +1, EV +1)))


Message History

The orc warrior misses you.
You feel sick.
You feel sick.
You feel sick.
You are no longer poisoned.
The orc warrior looks more healthy.
You barely miss the orc warrior.
The orc warrior is severely wounded.
Your transformation is almost over.
The orc warrior hits you with a +0 hand axe!
* * * LOW HITPOINT WARNING * * *
You barely miss the orc warrior.
The orc warrior is severely wounded.
The orc warrior misses you.
You hit the orc warrior but do no damage.
The orc warrior is poisoned.
The orc warrior is severely wounded.
The orc warrior hits you with a +0 hand axe!
You die...
Your body crumbles into a pile of gold.

##########.#§#§#≈#
#.........[#≈§∩.≈#
##########..........#≈#.#§###
....................#§≈§≈≈#>#
.........)..........#######.#
######.......∩...#.#........#
#.####......#.#........# #<#
######.#.#........# ###
#s...#.####..# #o.....# #..#
#..#.∩.# #..# #.#....# #..#
#.#..#.# #..# ## ###
#.#..#.####..#
.########.######.#..........#
.'......#........###.#####.##
.######.#.######## #..# #.#


You could see an orc warrior.

Vanquished Creatures
  Prince Ribbit (D:5)
  3 ogres
  A bullfrog (D:6)
  4 scorpions (D:5)
  A bullfrog zombie (D:5)
  2 crimson imps
  2 hounds (D:4)
  A bullfrog skeleton (D:6)
  3 orc wizards
  Jessica (D:3)
  4 worker ants
  A hound skeleton (D:4)
  Robin (D:4)
  A gnoll (D:1)
  9 adders
  2 oozes (D:5)
  An adder skeleton (D:6)
  5 worms
  2 dart slugs
  4 leopard geckos
  13 orcs
  A ball python (D:2)
  5 giant cockroaches
  8 hobgoblins
  12 jackals
  3 kobolds
  2 quokkas
  12 bats
  4 frilled lizards
  22 goblins
  A jackal skeleton (D:6)
  2 quokka skeletons
  7 rats
  2 fungi (D:5)
143 creatures vanquished.

Vanquished Creatures (collateral kills)
  2 ogres
2 creatures vanquished.

Vanquished Creatures (others)
  A fungus (D:5)
1 creature vanquished.

Grand Total: 146 creatures vanquished

Notes
Turn   | Place    | Note
-------+----------+-------------------------------------------
     0 | D:1      | Eightlegvermin the Octopode Transmuter began the quest for
                  | the Orb.
     0 | D:1      | Reached XP level 1. HP: 13/13 MP: 3/3
   168 | D:1      | Reached XP level 2. HP: 13/18 MP: 0/5
   377 | D:1      | Reached skill level 1 in Stealth
   377 | D:1      | Reached XP level 3. HP: 23/23 MP: 6/6
  1104 | D:2      | Reached XP level 4. HP: 28/28 MP: 5/7
  1348 | D:2      | Learned a level 2 spell: Sticks to Snakes
  1352 | D:2      | Learned a level 3 spell: Spider Form
  1742 | D:3      | Reached skill level 3 in Transmutations
  1742 | D:3      | Reached skill level 1 in Poison Magic
  1742 | D:3      | Reached XP level 5. HP: 33/33 MP: 5/8
  1793 | D:3      | Found a blossoming altar of Fedhas.
  1873 | D:3      | Noticed Jessica
  1884 | D:3      | Killed Jessica
  2117 | D:3      | Found a runed translucent gate.
  2117 | D:3      | Found a runed translucent gate.
  2117 | D:3      | Found a runed translucent gate.
  2118 | D:3      | Found an opulent altar of Gozag.
  2128 | D:3      | Noticed Sassenached's ghost (weakling DsWn)
  2286 | D:3      | Reached XP level 6. HP: 31/38 MP: 7/9
  2597 | D:3      | Reached skill level 4 in Transmutations
  3274 | D:4      | Found a staircase to the Ecumenical Temple.
  3286 | Temple   | Entered the Ecumenical Temple
  3297 | Temple   | Became a worshipper of Gozag Ym Sagoz the Greedy
  3319 | D:4      | Noticed Robin
  3423 | D:4      | Killed Robin
  3464 | D:4      | Reached skill level 5 in Unarmed Combat
  3610 | D:4      | Reached skill level 5 in Transmutations
  3610 | D:4      | Reached XP level 7. HP: 43/43 MP: 2/10
  3761 | D:5      | Entered Level 5 of the Dungeon
  3853 | D:5      | Found Xiel's Jewellery Shop.
  3861 | D:5      | Found Ipitiah's General Store.
  3865 | D:5      | Noticed Prince Ribbit
  4114 | D:5      | Reached skill level 6 in Transmutations
  4233 | D:5      | Reached XP level 8. HP: 35/48 MP: 11/11
  4354 | D:5      | Bought a ration for 75 gold pieces
  4375 | D:5      | Found Lompias's Assorted Antiques.
  4379 | D:5      | Bought a runed wooden ring for 135 gold pieces
  4451 | D:5      | Killed Prince Ribbit
  4451 | D:5      | Reached skill level 7 in Transmutations
  4720 | D:5      | Learned a level 4 spell: Ice Form
  4884 | D:6      | Found a runed translucent gate.
  4884 | D:6      | Noticed losten's ghost (novice MiFi)
  4885 | D:6      | Found a runed translucent gate.
  4887 | D:6      | Found a runed translucent gate.
  4949 | D:6      | Reached skill level 1 in Ice Magic
  5441 | D:5      | Slain by an orc warrior

Levels and vault maps discovered:
D:1:      scummos_arrival_simple_crosswalls, layout_rooms
D:2:      minmay_angry_zag, layout_rooms, first_ration,
          nicolae_underground_beach
D:3:      layout_basic, ebering_ghost_gozag, fedhas_altar_3, uniq_jessica
D:4:      layout_rooms, minmay_temple_entry_large_hall, uniq_robin
D:5:      old_forge, layout_basic, serial_shops, shop, kennysheep_little_box,
          nicolae_shop_stone, uniq_prince_ribbit1
D:6:      layout_rooms, ebering_ghost_rock_garden
Temple:   nicolae_temple_the_god_donut

Skill      XL: |  1  2  3  4  5  6  7  8 |
---------------+-------------------------+-----
Stealth        | 1 2 3 |  3.1
Unarmed Combat | 4 5 6 |  6.6
Transmutations | 3 5 6 7 |  7.8
Poison Magic   | 1 2 |  2.0
Ice Magic      | 1 |  1.6
Fighting       | |  1.0
Dodging        | |  2.7
Spellcasting   | |  2.0

Action                   |  1- 3 |  4- 6 |  7- 9 || total
-------------------------+-------+-------+-------++-------
Melee: Unarmed           |    77 |   162 |   123 ||   362
       Constrict         |    24 |    29 |    28 ||    81
       Tentacles         |    14 |    18 |    23 ||    55
       Kick              |    12 |    23 |    28 ||    63
       Punch             |     2 |     3 |     6 ||    11
Throw: Dart              |       |       |     4 ||     4
 Cast: Beastly Appendage |    22 |    21 |    17 ||    60
       Spider Form       |       |     6 |     6 ||    12
       Sticks to Snakes  |       |     3 |     6 ||     9
  Use: Scroll            |       |     7 |     2 ||     9
 Stab: Sleeping          |     8 |    10 |     4 ||    22
  Eat: Chunk             |     1 |     8 |       ||     9
       Ration            |       |       |     2 ||     2
Armor: Skin              |    14 |    30 |    11 ||    55
Dodge: Dodged            |    50 |    91 |    79 ||   220

Table legend:
 A = Non-vault XP
 B = Vault XP
 C = Vault XP percentage of total XP
 D = Non-vault monster count
 E = Vault monster count
 F = Vault count percentage of total count
                 A         B        C        D         E       F
            +---------+---------+-------+---------+---------+-------
      Total |    1376 |     684 |  33.2 |     112 |      31 |  21.7
            +---------+---------+-------+---------+---------+-------
        D:1 |      39 |       0 |   0.0 |      16 |       0 |   0.0
        D:2 |      95 |      13 |  12.0 |      34 |       5 |  12.8
        D:3 |     205 |      37 |  15.3 |      23 |       1 |   4.2
        D:4 |     234 |      34 |  12.7 |      15 |      11 |  42.3
        D:5 |     415 |     600 |  59.1 |      15 |      14 |  48.3
        D:6 |     388 |       0 |   0.0 |       9 |       0 |   0.0
            +---------+---------+-------+---------+---------+-------
